 Dungeon Crawl Stone Soup version 0.28.0-53-g5a82cb258f (webtiles) character file.

Game seed: 13272135977870206461

3 bronzecobra64 the Chopper (level 1, -1/20 HPs)
             Began as a Hill Orc Berserker on May 2, 2022.
             Was a Follower of Trog.
             Slain by a hobgoblin (2 damage)
             ... on level 1 of the Dungeon on Sept 26, 2022.
             The game lasted 00:01:46 (39 turns).

bronzecobra64 the Chopper (Hill Orc Berserker)        Turns: 39, Time: 00:01:47

Health: -1/20      AC:  2    Str: 19    XL:     1   Next: 50%
Magic:  1/1        EV: 11    Int:  7    God:    Trog [*.....]
Gold:   0          SH:  0    Dex: 10    Spells: 0/0 levels left

rFire   . . .      SeeInvis .   a - +0 hand axe
rCold   . . .      Faith    .   (no shield)
rNeg    . . .      Spirit   .   b - +0 animal skin
rPois   .          Reflect  .   (no helmet)
rElec   .          Harm     .   (no cloak)
rCorr   .          Rampage  .   (no gloves)
Will    .....                   (no boots)
Stlth   +.........              (no amulet)
HPRegen 0.06/turn               (no ring)
MPRegen 0.07/turn               (no ring)

@: no status effects
A: no striking features
a: Renounce Religion, Berserk


You were on level 1 of the Dungeon.
You worshipped Trog.
Trog was aware of your devotion.
You visited 1 branch of the dungeon, and saw 1 of its levels.

Inventory:

Hand Weapons
 a - a +0 hand axe (weapon)
Armour
 b - a +0 animal skin (worn)
Potions
 c - a potion of brilliance {unknown}


   Skills:
 + Level 3.7 Fighting
 + Level 4.1 Axes
 + Level 2.2 Armour
 + Level 1.5 Dodging


You couldn't memorise any spells.
You didn't know any spells.
Your spell library was empty.

Dungeon Overview and Level Annotations

Branches:
Dungeon (1/15)

Altars:


Message History

You hit the endoplasm.
The endoplasm is lightly wounded.
You closely miss the giant cockroach. The endoplasm freezes you.
You are frozen.
The giant cockroach closely misses you.
You hit the endoplasm.
The endoplasm is severely wounded.
You hit the giant cockroach. You closely miss the hobgoblin.
The hobgoblin hits you. The endoplasm freezes you.
You are frozen.
The giant cockroach closely misses you.
You hit the endoplasm.
The endoplasm is almost dead.
You hit the hobgoblin. You closely miss the giant cockroach.
The hobgoblin hits you. The giant cockroach bites you.
The endoplasm closely misses you.
You slash the endoplasm!
You kill the endoplasm!
Trog accepts your kill.
You hit the giant cockroach but do no damage.
You closely miss the hobgoblin.
A bat comes into view.
The giant cockroach bites you but does no damage.
The hobgoblin hits you.
* * * LOW HITPOINT WARNING * * *
The giant cockroach barely misses you.
The hobgoblin hits you but does no damage.
The frilled lizard hisses angrily.
You hit the giant cockroach but do no damage.
The giant cockroach is heavily wounded.
You hit the hobgoblin.
The giant cockroach bites you but does no damage.
The hobgoblin hits you but does no damage.
You closely miss the giant cockroach.
The giant cockroach is heavily wounded.
You closely miss the hobgoblin. x2; The bat closely misses you.
The giant cockroach misses you. The hobgoblin hits you.
* * * LOW HITPOINT WARNING * * *
The hobgoblin hits you.
You die...

....≈≈≈≈≈≈......≈≈≈≈≈≈..#
.....≈≈§≈..).....≈≈≈≈...#
.........(..............#
.........§....####.....#
.......................#
..........######..###....
..........#####..## #
..............##
......B@.#####.......
.......gg......######
.....b.......###
..............#
###............
#.#......l...
..#.......... ##
#..........


You could see a giant cockroach, 2 hobgoblins, a bat and a frilled lizard.

Vanquished Creatures
  A ball python (D:1)
  An endoplasm (D:1)
  A bat (D:1)
3 creatures vanquished.

Notes
Turn   | Place    | Note
-------+----------+-------------------------------------------
     0 | D:1      | bronzecobra64 the Hill Orc Berserker began the quest for
                  | the Orb.
     0 | D:1      | Reached XP level 1. HP: 19/19 MP: 1/1
    11 | D:1      | Upgraded the game from 0.28.0-47-ge53b351184 to
                  | 0.28.0-53-g5a82cb258f
    39 | D:1      | HP: 1/20 [hobgoblin (4)]
    39 | D:1      | Slain by a hobgoblin

Illustrated notes

Levels and vault maps discovered:
D:1:      dpeg_arrival_pits, layout_rooms

Action                   || total
-------------------------++-------
Melee: Hand axe          ||     9
Armor: Animal skin       ||     4
Dodge: Dodged            ||     8
